 Dungeon Crawl Stone Soup version 0.31-a0-1620-gcbf77bbcfc (webtiles) character file.

Game seed: 2005500436295691356

2317 Flugslaktarn the Fighter (level 9, -1/126 HPs)
             Began as a Minotaur Fighter on Jan 11, 2024.
             Was a Believer of Okawaru.
             Slain by a shadow (21 damage)
             ... on level 7 of the Dungeon.
             The game lasted 00:03:07 (6229 turns).

Flugslaktarn the Fighter (Minotaur Fighter)         Turns: 6229, Time: 00:03:07

Health: -1/126     AC: 24    Str: 26    XL:     9   Next: 18%
Magic:  8/8        EV:  2    Int:  5    God:    Okawaru [**....]
Gold:   387        SH:  5    Dex:  7    Spells: 8/8 levels left

rFire   . . .        m - +0 broad axe
rCold   . . .        c - +0 buckler
rNeg    . . .        s - melded +0 plate armour
rPois   +            (helmet currently unavailable)
rElec   .            p - melded +0 cloak
rCorr   .            (gloves currently unavailable)
SInv    .            j - melded +0 pair of boots "Damnable Contraption" {Will+ Int+3}
Will    .....        (no amulet)
Stlth   +            (no ring)
HPRegen 0.41/turn    (no ring)
MPRegen 0.11/turn

%: no passive effects
@: lethally poisoned (-1 -> -3), tree-form (expiring)
A: stationary, stasis, torment immunity, boosted hp, (horns 2), (retaliatory
headbutt), clumsy 1, screaming 1, MP-powered wands
a: Renounce Religion, Heroism


You were on level 7 of the Dungeon.
You worshipped Okawaru.
Okawaru was pleased with you.
You were a tree.
You visited 2 branches of the dungeon, and saw 8 of its levels.

You collected 387 gold pieces.

Inventory:

Hand Weapons
 a - a +0 war axe
 m - a +0 broad axe (weapon)
   (You found it on level 5 of the Dungeon)
Armour
 b - a +0 scale mail
 c - a +0 buckler (worn)
 j - the +0 pair of boots "Damnable Contraption" (melded) {Will+ Int+3}
   (You found it on level 6 of the Dungeon)

   Int+3:     It affects your intelligence (+3).
   Will+:     It increases your willpower.
 p - a +0 cloak (melded)
   (You found it on level 6 of the Dungeon)
 s - a +0 plate armour (melded)
   (You took it off a kobold on level 2 of the Dungeon)
Jewellery
 o - a ring of poison resistance
   (You found it on level 5 of the Dungeon)
Scrolls
 e - a scroll of butterflies {unknown}
 f - a scroll of fog
 g - a scroll of enchant armour
 k - a scroll of revelation
 l - a scroll of immolation
 r - 2 scrolls of identify
 z - a scroll of blinking
Potions
 d - 2 potions of might
 h - a potion of haste
 i - a potion of mutation
 n - 2 potions of lignification
 q - 4 potions of curing
 t - a potion of brilliance {unknown}
 u - 2 potions of berserk rage {unknown}
 w - 3 potions of heal wounds


   Skills:
 * Level 9.4 Fighting
 * Level 8.9 Axes
 + Level 6.9 Armour
 + Level 6.8 Shields


You had 8 spell levels left.
You didn't know any spells.
Your spell library contained the following spells:

 Spells                   Type           Power      Damage    Failure   Level
 Magic Dart               Conj           0%         1d3       52%         1
 Blink                    Tloc           0%         N/A       67%         2
 Dazzling Flash           Conj/Hex       0%         N/A       88%         3
 Hailstorm                Conj/Ice       0%         3d5       88%         3
 Volatile Blastmotes      Fire/Tloc      0%         2d10      88%         3
 Starburst                Conj/Fire      0%         6d3       100%        6
 Maxwell's Capacitive Co  Air            0%         ∞         100%        8
 Call Imp                 Summ           Unusable   N/A       N/A         2
 Summon Ice Beast         Ice/Summ       Unusable   N/A       N/A         3
 Sculpt Simulacrum        Ice/Alch       Unusable   N/A       N/A         6

Dungeon Overview and Level Annotations

Branches:
Dungeon (7/15)             Temple (1/1) D:5

Altars:
Ashenzari
Cheibriados
Dithmenos
Elyvilon
Fedhas
Gozag
Hepliaklqana
Kikubaaqudgha
Nemelex Xobeh
Okawaru
Qazlal
Ru
Sif Muna
Trog
Vehumet
Wu Jian
Xom
Yredelemnul
Zin
The Shining One

Shops:
D:5 *

Annotations:
D:4 1 exclusion


Innate Abilities, Weirdness & Mutations

You are a tree.
Your roots penetrate the ground, keeping you stationary.
You cannot be teleported.
You are immune to unholy pain and torment.
Your maximum health is greatly increased.
Your equipment is partially melded.
((You have a pair of horns on your head.))
((You reflexively headbutt those who attack you in melee.))
You are clumsy. (Dex -2)
You occasionally shout uncontrollably at your foes.
You expend magic power (3 MP) to strengthen your wands.


Message History

Okawaru accepts your kill.
You feel very sick. The killer bee stings you.
The killer bee barely misses you. You furiously retaliate!
You headbutt the killer bee.
The killer bee stings you but does no damage.
The killer bee stings you. x2
The killer bee stings you but does no damage. x2
The killer bee barely misses you.
The killer bee stings you but does no damage.
You feel very sick. The killer bee stings you.
There is an open door here.
You feel sick.
You barely miss the killer bee. Your headbutt misses the killer bee.
You feel sick. You block the killer bee's attack.
The killer bee stings you but does no damage.
You miss the killer bee.
The killer bee is moderately wounded.
You hit the killer bee.
You feel sick.
The killer bee stings you but does no damage. x4
You miss the killer bee.
The killer bee is moderately wounded.
You closely miss the killer bee.
You feel sick. The killer bee stings you. The killer bee barely misses you.
The killer bee stings you. The killer bee barely misses you.
You furiously retaliate!
You headbutt the killer bee. The killer bee stings you.
The killer bee closely misses you.
You are too injured to fight recklessly!
You are too injured to fight recklessly!
Unknown command.
You turn into a tree.
Your +0 cloak melds into your body.
The +0 pair of boots "Damnable Contraption" {Will+ Int+3} melds into your body.
Your +0 plate armour melds into your body.
Your roots penetrate the ground.
You feel sick. You block the killer bee's attack.
The killer bee stings you but does no damage. x3
You are too injured to fight recklessly!
You are too injured to fight recklessly!
You barely miss the killer bee.
The killer bee is severely wounded.
You miss the killer bee.
You feel sick. You block the killer bee's attack.
The killer bee stings you but does no damage. x3
You are too injured to fight recklessly!
You barely miss the killer bee.
The killer bee is severely wounded.
You hit the killer bee.
You feel sick.
You are no longer poisoned.
The killer bee stings you but does no damage. x4
You hit the killer bee.
The killer bee is almost dead.
You slash the killer bee!
You kill the killer bee!
Okawaru accepts your kill. You block the killer bee's attack.
The killer bee stings you.
The killer bee stings you but does no damage.
You miss the killer bee.
The killer bee is almost dead.
You slash the killer bee!
The killer bee stings you but does no damage.
The killer bee completely misses you. The killer bee stings you.
The killer bee stings you but does no damage.
You hit the killer bee but do no damage.
The killer bee is almost dead.
You miss the killer bee.
The killer bee stings you but does no damage. x2
You block the killer bee's attack. x2
You miss the killer bee.
The killer bee is almost dead.
You barely miss the killer bee. You block the killer bee's attack.
The killer bee stings you.
* * * LOW HITPOINT WARNING * * *
The killer bee stings you but does no damage.
You block the killer bee's attack. The killer bee stings you.
* * * LOW HITPOINT WARNING * * *
You are poisoned.
The killer bee poisons you!
The killer bee stings you but does no damage.
You miss the killer bee.
The killer bee is almost dead.
You barely miss the killer bee.
Your transformation is almost over.
You feel sick. The killer bee completely misses you.
The killer bee stings you but does no damage. x3
You hit the killer bee.
The killer bee is almost dead.
You barely miss the killer bee.
You feel sick.
The killer bee stings you but does no damage. x4
The killer bee barely misses you.
The killer bee stings you but does no damage.
You miss the killer bee.
The killer bee is almost dead.
You slash the killer bee!
You kill the killer bee!
Okawaru accepts your kill.
You feel sick. The killer bee stings you.
* * * LOW HITPOINT WARNING * * *
The killer bee stings you but does no damage.
The shadow strikes at you from the darkness!
You die...

#######...# #.# .# .
......'...## #.###.##..
......#....+ #.........
.#..###...## #.........
#######...## #.........
#......<# #..?......
#.......# #.........
#......###+##†#####...
#######...##..##♣y########
##.####...##........#....#
....................#....#
....................#...>#
....................#....#
###..##..###.####'#..#...#
###..##..###.###..########
.#....#...#........#
.#)...#...#........#


You could see a killer bee.

Vanquished Creatures
  Sigmund (D:6)
  A water moccasin (D:6)
  2 ice beasts (D:7)
  4 ogres
  A centaur (D:7)
  A weeping skull (D:4)
  3 phantoms
  Blork the orc (D:5)
  A scorpion (D:6)
  4 wights (D:6)
  4 killer bees (D:7)
  A howler monkey (D:4)
  2 bombardier beetles
  6 hounds
  2 jellies (D:6)
  2 orc priests (D:3)
  2 iguanas
  A sleepcap (D:4)
  An orc wizard (D:6)
  5 adders
  A ribbon worm (D:3)
  7 dart slugs
  17 orcs
  7 giant cockroaches
  3 hobgoblins
  8 jackals
  10 kobolds
  4 quokkas
  6 ball pythons
  9 bats
  5 frilled lizards
  7 goblins
  5 rats
  A spectral orc (D:4)
135 creatures vanquished.

Notes
Turn   | Place    | Note
-------+----------+-------------------------------------------
     0 | D:1      | Flugslaktarn the Minotaur Fighter began the quest for the
                  | Orb.
     0 | D:1      | Reached XP level 1. HP: 19/19 MP: 0/0
    75 | D:1      | Reached XP level 2. HP: 27/27 MP: 1/1
    96 | D:1      | Reached skill level 4 in Fighting
   209 | D:1      | Reached XP level 3. HP: 26/33 MP: 2/2
  1484 | D:3      | Found a glowing silver altar of Zin.
  1485 | D:3      | Noticed an angel
  1505 | D:3      | Reached XP level 4. HP: 35/41 MP: 3/3
  1515 | D:3      | Reached skill level 5 in Fighting
  1686 | D:3      | Reached XP level 5. HP: 48/48 MP: 4/4
  2006 | D:3      | Found a white marble altar of Elyvilon.
  2013 | D:3      | Found a radiant altar of Vehumet.
  2178 | D:3      | Found the +7 staff of the Meek {protect, meekguard}
  2644 | D:4      | Found a basalt altar of Yredelemnul.
  2650 | D:4      | Reached XP level 6. HP: 49/57 MP: 5/5
  2804 | D:4      | Reached skill level 5 in Axes
  2811 | D:4      | Reached skill level 6 in Fighting
  2851 | D:4      | Reached skill level 5 in Armour
  2958 | D:4      | Reached skill level 5 in Shields
  3249 | D:5      | Entered Level 5 of the Dungeon
  3291 | D:5      | Found Zigaymn's Overcharged Wands.
  3301 | D:5      | Reached XP level 7. HP: 60/64 MP: 6/6
  3609 | D:5      | Found a staircase to the Ecumenical Temple.
  3688 | Temple   | Entered the Ecumenical Temple
  3694 | Temple   | Became a worshipper of Warmaster Okawaru
  3777 | D:5      | Noticed Blork the orc
  3787 | D:5      | Killed Blork the orc
  4317 | D:6      | Reached skill level 7 in Fighting
  4412 | D:6      | Reached XP level 8. HP: 12/71 MP: 7/7
  4433 | D:6      | HP: 2/73 [water moccasin (2)]
  4441 | D:6      | Reached * piety under Okawaru
  4730 | D:5      | Gained mutation: You expend magic power (3 MP) to
                  | strengthen your wands. [potion of mutation]
  4730 | D:5      | Gained mutation: You are clumsy. (Dex -2) [potion of
                  | mutation]
  4730 | D:5      | Gained mutation: You occasionally shout uncontrollably at
                  | your foes. [potion of mutation]
  4756 | D:6      | Noticed Sigmund
  4760 | D:6      | Reached skill level 8 in Fighting
  4782 | D:6      | Killed Sigmund
  4791 | D:6      | Identified the +0 pair of boots "Damnable Contraption"
                  | {Will+ Int+3}
  5392 | D:6      | Found a bloodstained altar of Trog.
  5781 | D:7      | Reached skill level 9 in Fighting
  5970 | D:7      | Reached ** piety under Okawaru
  5971 | D:7      | Reached XP level 9. HP: 75/83 MP: 8/8
  6229 | D:7      | Slain by a shadow

Illustrated notes

Levels and vault maps discovered:
D:1:      mushboom_english_gardens, layout_basic
D:2:      layout_basic
D:3:      layout_basic, zin_angel, minitemple, pf_guarded_unrand_meek
D:4:      layout_loops_ring, yredelemnul_forgotten_temple_becter, serial_forest,
          infiniplex_forest_diagonal, infiniplex_forest_straight_2,
          infiniplex_forest_lined_corner, infiniplex_forest_clump_curved,
          infiniplex_forest_clump_C, infiniplex_forest_lined_2, goddamned_bats
D:5:      layout_loops_cross, minmay_temple_entry_nine_rooms, minivault_25,
          nicolae_shop_overcharged_wands, uniq_blork_the_orc
D:6:      layout_cave_pools, mainiacjoe_overflow_alcove_2, uniq_sigmund
D:7:      layout_gridville
Temple:   nicolae_temple_no_exploring_needed

Skill      XL: |  1  2  3  4  5  6  7  8 |
---------------+-------------------------+-----
Fighting       | 4 5 6 7 9 |  9.4
Axes           | 3 4 5 6 8 |  8.9
Armour         | 4 5 6 |  6.9
Shields        | 4 5 6 |  6.8

Action                     |  1- 3 |  4- 6 |  7- 9 || total
---------------------------+-------+-------+-------++-------
  Melee: War axe           |    95 |    88 |       ||   183
         Headbutt          |    10 |    19 |    24 ||    53
         Broad axe         |       |     6 |   152 ||   158
    Use: Scroll            |       |       |     8 ||     8
         Potion            |       |       |     6 ||     6
 Armour: Scale mail        |    76 |    67 |   116 ||   259
         Plate armour      |       |       |    57 ||    57
         Skin              |       |       |    32 ||    32
  Dodge: Dodged            |    42 |    38 |    78 ||   158
  Block: Buckler           |    27 |    26 |    57 ||   110

Table legend: (Time is in decaauts)
 A = Elapsed time spent in this place.
 B = Non-inter-level travel time spent in this place.
 C = Inter-level travel time spent in this place.
 D = Time resting spent in this place.
 E = Time spent auto-exploring this place.
 F = Levels seen in this place.
 G = Mean time per level.
                   A        B        C        D        E       F      G
               +--------+--------+--------+--------+--------+-----+--------+
         Total |   6322 |   5829 |    493 |    531 |   4369 |   8 |  790.2 |
       Dungeon |   6309 |   5827 |    482 |    531 |   4369 |   7 |  901.3 |
        Temple |     12 |      2 |     10 |      0 |      0 |   1 |   12.0 |
               +--------+--------+--------+--------+--------+-----+--------+

Top non-repeatable levels by time:
     D:5: 1611 daAuts
     D:4: 1020 daAuts
     D:6: 971 daAuts
     D:2: 934 daAuts
     D:3: 862 daAuts
     D:1: 598 daAuts
     D:7: 311 daAuts
  Temple: 12 daAuts
